 Dungeon Crawl Stone Soup version 0.32-a0-779-g362cfcae2a (webtiles) character file.

Game seed: 10638746744639507308

0 Griffin23 the Shield-Bearer (level 1, -2/19 HPs)
             Began as a Minotaur Fighter on Mar 19, 2024.
             Succumbed to a kobold's poison
             ... on level 1 of the Dungeon.
             The game lasted 00:00:03 (24 turns).

Griffin23 the Shield-Bearer (Minotaur Fighter)        Turns: 24, Time: 00:00:04

Health: -2/19      AC:  6    Str: 20    XL:     1   Next: 8%
Magic:  0/0        EV:  8    Int:  5    God:
Gold:   0          SH:  4    Dex:  9    Spells: 0/0 levels left

rFire   . . .        a - +0 long sword
rCold   . . .        c - +0 buckler
rNeg    . . .        b - +0 scale mail
rPois   .            (helmet restricted)
rElec   .            (no cloak)
rCorr   .            (no gloves)
SInv    .            (no boots)
Will    .....        (no amulet) Stlth
                     (no ring)
HPRegen 0.23/turn    (no ring)
MPRegen 0.07/turn

%: no passive effects
@: lethally poisoned (-2 -> -25)
A: horns 2, retaliatory headbutt
a: no special abilities


You were on level 1 of the Dungeon.
You visited 1 branch of the dungeon, and saw 1 of its levels.

Inventory:

Hand Weapons
 a - a +0 long sword (weapon)
Armour
 b - a +0 scale mail (worn)
 c - a +0 buckler (worn)
Scrolls
 e - a scroll of fog {unknown}
Potions
 d - a potion of might


   Skills:
 + Level 3.6 Fighting
 + Level 2.4 Long Blades
 + Level 3.6 Armour
 + Level 3.6 Shields


You couldn't memorise any spells.
You didn't know any spells.
Your spell library was empty.

Dungeon Overview and Level Annotations

Branches:
Dungeon (1/15)

Altars:


Innate Abilities, Weirdness & Mutations

You have a pair of horns on your head.
You reflexively headbutt those who attack you in melee.


Message History

A hobgoblin and a kobold come into view.
The kobold is wielding a +0 dagger of venom.
The hobgoblin shouts!
A kobold is nearby!
A kobold is nearby!
The kobold hits you but does no damage.
There are monsters nearby!
You barely miss the kobold. Your headbutt misses the kobold.
The kobold hits you but does no damage.
You are poisoned.
There are monsters nearby!
You barely miss the kobold.
You feel very sick. The kobold hits you but does no damage.
You are more poisoned.
The kobold hits you but does no damage.
You are lethally poisoned!
There is a lethal amount of poison in your body!
You hit the kobold but do no damage.
You feel extremely sick. The kobold hits you but does no damage.
There is a lethal amount of poison in your body!
You are too injured to fight recklessly!
There is a lethal amount of poison in your body!
There is a lethal amount of poison in your body!
You are too injured to fight recklessly!
There is a lethal amount of poison in your body!
You are too injured to fight recklessly!
There is a lethal amount of poison in your body!
You are too injured to fight recklessly!
There is a lethal amount of poison in your body!
You are too injured to fight recklessly!
You barely miss the kobold.
* * * LOW HITPOINT WARNING * * *
You feel very sick. The kobold hits you but does no damage.
You are more poisoned.
The hobgoblin barely misses you.
You closely miss the kobold.
You die...

#..#.##+#####
##..#....#...#
#...# #.'.<.#
####..#. ##.#...#
#
#.#...#.##..#...#
..
##...##..##'#####
#.#.#.....##..#..#
#...'.#....#.....+
#K@.#...##..#
#..g.....#+##
#.#...#.....#
###.........#
#.#..#....+
##..(#..#.#
#...#..#+#
###..#g. .. .#.


You could see a hobgoblin and a kobold.

Vanquished Creatures
  A rat (D:1)
1 creature vanquished.

Notes
Turn   | Place    | Note
-------+----------+-------------------------------------------
     0 | D:1      | Griffin23 the Minotaur Fighter began the quest for the Orb.
     0 | D:1      | Reached XP level 1. HP: 19/19 MP: 0/0
    24 | D:1      | Succumbed to a kobold's poison

Illustrated notes

Levels and vault maps discovered:
D:1:      arrival_zaba_pyramid, layout_rooms, serial_shops, nicolae_shop_stone,
          shop_statue, nicolae_shop_hallway_plus, minmay_pentomino_p2

Action                     || total
---------------------------++-------
  Melee: Long sword        ||     6
         Headbutt          ||     1
 Armour: Scale mail        ||     7
  Dodge: Dodged            ||     1

Table legend: (Time is in decaauts)
 A = Elapsed time spent in this place.
 B = Non-inter-level travel time spent in this place.
 C = Inter-level travel time spent in this place.
 D = Time resting spent in this place.
 E = Time spent auto-exploring this place.
 F = Levels seen in this place.
 G = Mean time per level.
                   A        B        C        D        E       F      G
               +--------+--------+--------+--------+--------+-----+--------+
         Total |     25 |     25 |      0 |      0 |     10 |   1 |   25.0 |
       Dungeon |     25 |     25 |      0 |      0 |     10 |   1 |   25.0 |
               +--------+--------+--------+--------+--------+-----+--------+

Top non-repeatable levels by time:
     D:1: 25 daAuts
